 Dungeon Crawl Stone Soup version 0.29-a0-362-g5854e031c7 (webtiles) character file.

Game seed: 2322020963656912023

826 zorge82 the Archer (level 7, -2/40 HPs)
             Began as a Deep Elf Hunter on Apr 29, 2022.
             Slain by an ufetubus (4 damage)
             ... on level 5 of the Dungeon.
             The game lasted 00:08:09 (3014 turns).

zorge82 the Archer (Deep Elf Hunter)                Turns: 3014, Time: 00:08:11

Health: -2/40      AC:  4    Str:  8    XL:     7   Next: 64%
Magic:  9/9        EV: 12    Int: 14    God:
Gold:   180        SH:  0    Dex: 20    Spells: 6/6 levels left

rFire   . . .      SeeInvis .   a - +1 shortbow
rCold   . . .      Faith    .   (shield currently unavailable)
rNeg    . . .      Spirit   .   b - +0 leather armour
rPois   +          Reflect  .   e - +0 helmet
rElec   .          Harm     .   (no cloak)
rCorr   .          Rampage  .   (no gloves)
Will    +....                   (no boots)
Stlth   ++........              (no amulet)
HPRegen 0.13/turn               g - ring of poison resistance
MPRegen 0.11/turn               r - ring of willpower

@: no status effects
A: no striking features
a: no special abilities


You were on level 5 of the Dungeon.
You visited 1 branch of the dungeon, and saw 5 of its levels.

You collected 180 gold pieces.

Inventory:

Hand Weapons
 a - a +1 shortbow (weapon)
Missiles
 q - 2 poisoned darts
 w - 2 silver boomerangs
Armour
 b - a +0 leather armour (worn)
 e - a +0 helmet (worn)
 A - a +0 ring mail
Jewellery
 g - a ring of poison resistance (left hand)
 o - a ring of magical power
 r - a ring of willpower (right hand)
Wands
 x - a wand of mindburst (18)
Scrolls
 c - 2 scrolls of immolation
 d - 5 scrolls of teleportation
 h - 2 scrolls of fog
 j - a scroll of enchant armour
 l - 2 scrolls of vulnerability {unknown}
 m - 2 scrolls of enchant weapon
 p - a scroll of amnesia {unknown}
 v - a scroll of noise
 y - 2 scrolls of brand weapon {unknown}
Potions
 f - a potion of flight {unknown}
 i - 2 potions of mutation {unknown}
 k - a potion of curing
 n - 2 potions of invisibility {unknown}
 s - 2 potions of heal wounds {unknown}
 t - a potion of haste {unknown}
 z - a potion of degeneration {unknown}


   Skills:
 + Level 2.9 Fighting
 * Level 11.5 Bows
 + Level 2.9 Dodging
 + Level 1.8 Stealth


You had 6 spell levels left.
You didn't know any spells.
Your spell library contained the following spells:

 Spells                   Type           Power      Damage    Failure   Level
 Tukima's Dance           Hex            0%         N/A       77%         3
 Anguish                  Hex/Necr       0%         N/A       99%         4
 Enfeeble                 Hex            0%         N/A       100%        7


Dungeon Overview and Level Annotations

Branches:
Dungeon (5/15)
 Temple: D:4-7

Altars:
Wu Jian


Message History

You hear a shout! x5
A scorpion comes into view.
You shoot an arrow. The arrow hits the scorpion.
The scorpion is moderately wounded.
You shoot an arrow. The arrow closely misses the scorpion.
A howler monkey comes into view.
You shoot an arrow. The arrow hits the scorpion.
The scorpion is moderately wounded.
The howler monkey hoots and howls with incredible vigour!
You shoot an arrow. The arrow hits the scorpion!
The scorpion is almost dead.
You shoot an arrow. The arrow hits the scorpion.
You kill the scorpion!
You shoot an arrow.
The arrow closely misses the howler monkey.
A wyvern comes into view.
You shoot an arrow. The arrow hits the howler monkey.
The howler monkey is moderately wounded.
You shoot an arrow. The arrow hits the howler monkey!
You kill the howler monkey!
You shoot an arrow. The arrow closely misses the wyvern.
An ufetubus comes into view.
You shoot an arrow. The arrow hits the wyvern.
The wyvern is lightly wounded.
You shoot an arrow. The arrow hits the wyvern.
The wyvern is moderately wounded.
The wyvern completely misses you.
You shoot an arrow. The arrow closely misses the wyvern.
The wyvern bites you.
The wyvern bites you but does no damage.
You shoot an arrow. The arrow hits the wyvern.
The wyvern is heavily wounded.
The wyvern bites you!
You shoot an arrow.
The arrow hits the wyvern but does no damage.
The wyvern is heavily wounded.
The wyvern bites you!
The ufetubus hits you. x2; The wyvern bites you!
* * * LOW HITPOINT WARNING * * *
The ufetubus hits you but does no damage.
The ufetubus hits you.
You die...

##. .....
####..###.....
#............
.##.........#
...........#
#.......# .
.##...l.!.#....
......5@...((..
...............
#..............
#....##..#.....
##... #......##
#.. ......## ##
..... # ####!#


You could see a wyvern and an ufetubus.

Vanquished Creatures
  Sigmund (D:2)
  Menkaure (D:4)
  A black bear (D:3)
  An ogre (D:3)
  A phantom (D:4)
  2 scorpions
  A howler monkey (D:5)
  An orc wizard (D:4)
  Ijyb (D:3)
  2 adders
  An ufetubus (D:5)
  A dart slug (D:2)
  7 orcs
  5 endoplasms
  5 giant cockroaches
  10 goblins
  4 hobgoblins
  2 quokkas
  7 ball pythons
  6 bats
  2 frilled lizards
  5 kobolds
  3 rats
70 creatures vanquished.

Notes
Turn   | Place    | Note
-------+----------+-------------------------------------------
     0 | D:1      | zorge82 the Deep Elf Hunter began the quest for the Orb.
     0 | D:1      | Reached XP level 1. HP: 12/12 MP: 3/3
    81 | D:1      | You fall into a shaft and drop 1 floor!
    81 | D:2      | Noticed Sigmund
   208 | D:1      | Found a faded altar of an unknown god.
   353 | D:1      | Reached skill level 6 in Bows
   353 | D:1      | Reached XP level 2. HP: 16/16 MP: 4/4
  1160 | D:2      | Killed Sigmund
  1161 | D:2      | Reached skill level 8 in Bows
  1161 | D:2      | Reached XP level 3. HP: 21/21 MP: 5/5
  1161 | D:2      | Reached XP level 4. HP: 26/26 MP: 6/6
  1161 | D:2      | Reached XP level 5. HP: 30/30 MP: 7/7
  1561 | D:3      | Noticed an ogre
  1564 | D:3      | Noticed a black bear
  1567 | D:3      | Killed an ogre
  1568 | D:3      | Reached skill level 9 in Bows
  1568 | D:3      | Reached XP level 6. HP: 35/35 MP: 8/8
  1778 | D:3      | Noticed Ijyb
  1779 | D:3      | Paralysed by Ijyb for 4 turns
  1786 | D:3      | Paralysed by Ijyb for 4 turns
  1805 | D:3      | Killed Ijyb
  1806 | D:3      | Reached skill level 10 in Bows
  2447 | D:4      | Noticed Menkaure
  2450 | D:4      | Reached XP level 7. HP: 40/40 MP: 9/9
  2457 | D:4      | Killed Menkaure
  2720 | D:4      | Found an ornate altar of the Wu Jian Council.
  2758 | D:4      | Reached skill level 11 in Bows
  2997 | D:5      | Entered Level 5 of the Dungeon
  3006 | D:5      | Noticed a wyvern
  3014 | D:5      | HP: 2/40 [wyvern (11)]
  3014 | D:5      | Slain by an ufetubus

Illustrated notes

Levels and vault maps discovered:
D:1:      kilobyte_arrival_exit_the_forest, layout_basic,
          ebering_ecumenical_altar_hall, minmay_tree_intersection
D:2:      layout_rooms, uniq_sigmund
D:3:      layout_basic, uniq_ijyb
D:4:      layout_gridville, kennysheep_flooded_box, nrook_uturn, uniq_menkaure
D:5:      layout_cave_pools, makhleb_grotto_becter, gammafunk_ghost_cemetery

Skill      XL: |  1  2  3  4  5  6  7 |
---------------+----------------------+-----
Bows           | 6 8 9 10 11 | 11.5
Fighting       | 2 |  2.9
Dodging        | |  2.9
Stealth        | |  1.8

Action                   |  1- 3 |  4- 6 |  7- 9 || total
-------------------------+-------+-------+-------++-------
 Fire: Shortbow          |    57 |    98 |    47 ||   202
  Use: Scroll            |       |     4 |     2 ||     6
Armor: Leather armour    |     7 |    14 |     4 ||    25
Dodge: Dodged            |    19 |    26 |     6 ||    51

Table legend: (Time is in decaauts)
 A = Elapsed time spent in this place.
 B = Non-inter-level travel time spent in this place.
 C = Inter-level travel time spent in this place.
 D = Time resting spent in this place.
 E = Time spent auto-exploring this place.
 F = Levels seen in this place.
 G = Mean time per level.
                   A        B        C        D        E       F      G
               +--------+--------+--------+--------+--------+-----+--------+
         Total |   3044 |   2922 |    122 |      0 |   2471 |   5 |  608.8 |
       Dungeon |   3044 |   2922 |    122 |      0 |   2471 |   5 |  608.8 |
               +--------+--------+--------+--------+--------+-----+--------+

Top non-repeatable levels by time:
     D:1: 1149 daAuts
     D:4: 751 daAuts
     D:3: 692 daAuts
     D:2: 434 daAuts
     D:5: 16 daAuts
